Description

2 base, 3 hatch (in the wall)

Replay - Erik v llIIlIIllIII - Pylon LE

Build Order

Get SALT Encoding   

  12  0:02  Drone  
  13  0:09  Drone  
  14  0:16  Extractor  
  14  0:17  Drone  
  15  0:22  Overlord  
  15  0:41  Drone  
  16  0:46  Hatchery  
  15  0:50  Drone  
  16  1:05  Spawning Pool  
  16  1:07  Drone x2  
  17  1:14  Drone x2  Rally to wall
  19  1:36  Hatchery  
  19  1:38  Drone  Rally to gas
  20  1:51  Queen  
  22  1:53  Extractor  
  21  2:01  Zergling x2  
  23  2:05  Overlord  
  27  2:30  Queen  
  31  2:39  Extractor  
  32  2:50  Roach Warren  
  36  3:06  Metabolic Boost  
  36  3:14  Overlord  
  36  3:23  Overlord  
  36  3:29  Roach x5  
  46  3:35  Roach  
  46  3:41  Roach x2  
  50  3:45  Overlord  
  52  3:55  Zergling x10  
  57  4:03  Zergling x8  
  57  4:09  Evolution Chamber  
  64  4:24  Lair  
  70  4:53  Ravager x3  
  70  4:54  Extractor x2  
  71  5:06  Evolution Chamber  
  72  5:28  Spire  
  77  5:40  Queen  
  77  5:54  Zerg Melee Weapons Level 1  
  77  6:41  Mutalisk x4  
  85  6:47  Mutalisk x2  
  85  6:51  Zerg Flyer Weapons Level 1  
  89  7:15  Hatchery  
  88  7:18  Mutalisk x3  
  100  7:41  Baneling Nest  
  103  7:51  Glial Reconstitution  
  103  7:56  Zerg Missile Weapons Level 1  
  103  8:01  Mutalisk  
  123  8:41  Centrifugal Hooks  
  125  9:21  Baneling x6  
Spawning Tool Build Advisor. Get it on Overwolf

Go to:

Details

  • Created by: carsoncho  
  • Published on: Jul 21, 2025
  • Modified on: Jul 22, 2025
  • Patch: 5.0.11
  • Difficulty: Medium
Show
View Real Time Build Order
Export as new Build Order

Comments (0)

There are no comments. Be the first!

Create an account to comment!